[ PARTIDA AOE2 · #481272575 ]
UnrankedJemeres vs None
Equipo del jugador · DERR
Equipo rival · VICT
[ ANÁLISIS DE REPETICIÓN · EXTRAÍDO DE LA PARTIDA GRABADA ]
Feudal
14:56
Castillos
32:55
Imperial
—
| APM promedio | 28.0 |
| APM pico | 70 |
| eAPM promedio | 14.0 |
| Aldeanos / militares | 116 / 89 |
Foco
⚔️ 27.4% · 🌾 72.6%
Spearman ×30 · Scout Cavalry ×30 · Archer ×18 · Battle Elephant ×7 · Militia ×2 · Ballista Elephant ×2
Feudal
19:23
Castillos
24:58
Imperial
56:32
| APM promedio | 41.1 |
| APM pico | 85 |
| eAPM promedio | 21.0 |
| Aldeanos / militares | 242 / 122 |
Foco
⚔️ 16.6% · 🌾 83.4%
Spearman ×105 · Scout Cavalry ×10 · Scorpion ×7
Feudal
20:11
Castillos
31:17
Imperial
—
| APM promedio | 7.0 |
| APM pico | 27 |
| eAPM promedio | 5.8 |
| Aldeanos / militares | 104 / 69 |
Foco
⚔️ 25.5% · 🌾 74.5%
Spearman ×54 · Mameluke ×15
Feudal
14:38
Castillos
18:27
Imperial
37:34
| APM promedio | 44.6 |
| APM pico | 115 |
| eAPM promedio | 22.8 |
| Aldeanos / militares | 274 / 388 |
Foco
⚔️ 28.0% · 🌾 72.0%
Knight ×211 · Spearman ×106 · Scout Cavalry ×55 · Trebuchet (Packed) ×11 · Monk ×5
Feudal
15:01
Castillos
34:40
Imperial
—
| APM promedio | 29.5 |
| APM pico | 91 |
| eAPM promedio | 12.4 |
| Aldeanos / militares | 31 / 23 |
Foco
⚔️ 14.9% · 🌾 85.1%
Spearman ×11 · Militia ×6 · Skirmisher ×6
Feudal
14:45
Castillos
19:34
Imperial
34:28
| APM promedio | 31.1 |
| APM pico | 55 |
| eAPM promedio | 18.8 |
| Aldeanos / militares | 194 / 491 |
Foco
⚔️ 34.2% · 🌾 65.8%
Camel Scout ×176 · Shotel Warrior ×137 · Scout Cavalry ×89 · Archer ×55 · Battering Ram ×30 · Monk ×3
Feudal
13:26
Castillos
23:50
Imperial
—
| APM promedio | 18.4 |
| APM pico | 59 |
| eAPM promedio | 7.8 |
| Aldeanos / militares | 113 / 18 |
Foco
⚔️ 17.1% · 🌾 82.9%
Camel Scout ×7 · Monk ×4 · Scout Cavalry ×4 · War Elephant ×3
Feudal
14:16
Castillos
21:51
Imperial
35:35
| APM promedio | 19.5 |
| APM pico | 56 |
| eAPM promedio | 15.5 |
| Aldeanos / militares | 198 / 234 |
Foco
⚔️ 39.4% · 🌾 60.6%
Militia ×71 · Camel Scout ×51 · Scout Cavalry ×39 · Knight ×36 · Gbeto ×33 · Monk ×2
Mapa de la partida
Recursos iniciales + cada clic de construcción. Líneas = muros · curvas = relieve. ◆ oro · ⬟ piedra · ● bayas · ✦ reliquia · ◌ hueco del cierre
Tu base· Abierta — flanco sin cerrar
Base de Remagico· Abierta — flanco sin cerrar
Base de hzerdugan· Abierta — hueco de 12t
Base de Xia· Abierta — flanco sin cerrar
Base de Jogo Bonito· Abierta — hueco de 11t
Base de Peperra Jr· Abierta — hueco de 9t
Base de fiat· Abierta — flanco sin cerrar
Base de OLD DIRTY PUMA GDL· Abierta — hueco de 12t
Terreno inicial suavizado · ◌ = hueco del cierre detectado · pasá el cursor para detalles
Inputs por minuto
— [•Ø•T•] Bully G - - Remagico
Build order — [•Ø•T•] Bully G
Primeras 150 de 290 acciones detectadas
| 0:43 | Construir | Town Center |
| 3:17 | Crear | Villager (Male) |
| 3:18 | Crear | Villager (Male) |
| 3:18 | Crear | Villager (Male) |
| 3:27 | Crear | Villager (Male) |
| 3:29 | Investigar | Loom |
| 3:43 | Construir | House |
| 3:44 | Construir | House |
| 4:49 | Construir | Mill |
| 5:01 | Crear | Villager (Male) |
| 5:01 | Crear | Villager (Male) |
| 6:15 | Crear | Villager (Male) |
| 6:16 | Crear | Villager (Male) |
| 6:16 | Crear | Villager (Male) |
| 7:11 | Crear | Villager (Male) |
| 7:12 | Crear | Villager (Male) |
| 7:16 | Construir | House |
| 7:17 | Construir | House |
| 7:38 | Crear | Villager (Male) |
| 7:39 | Crear | Villager (Male) |
| 7:47 | Crear | Villager (Male) |
| 7:51 | Construir | House |
| 8:27 | Crear | Villager (Male) |
| 8:44 | Construir | Outpost |
| 8:51 | Crear | Villager (Male) |
| 9:28 | Construir | Lumber Camp |
| 10:20 | Construir | Outpost |
| 10:31 | Crear | Villager (Male) |
| 10:32 | Crear | Villager (Male) |
| 10:53 | Construir | Outpost |
| 11:16 | Crear | Villager (Male) |
| 11:18 | Crear | Villager (Male) |
| 11:26 | Construir | Outpost |
| 12:07 | Construir | Farm |
| 12:08 | Crear | Villager (Male) |
| 12:11 | Construir | Farm |
| 12:12 | Construir | Farm |
| 12:18 | Construir | Outpost |
| 12:29 | Construir | Farm |
| 12:46 | Investigar | Feudal Age |
| 12:55 | Construir | Farm |
| 12:57 | Construir | Farm |
| 13:15 | Construir | Outpost |
| 13:18 | Construir | Outpost |
| 13:27 | Construir | Outpost |
| 13:30 | Construir | Outpost |
| 14:04 | Crear | Villager (Male) |
| 14:07 | Crear | Villager (Male) |
| 14:13 | Construir | Barracks |
| 14:31 | Crear | Villager (Male) |
| 14:56 | Edad | Edad Feudal |
| 14:57 | Investigar | Double-Bit Axe |
| 14:58 | Investigar | Horse Collar |
| 15:06 | Investigar | Town Watch |
| 15:06 | Crear | Villager (Male) |
| 15:14 | Construir | Stable |
| 15:18 | Construir | House |
| 15:26 | Crear | Villager (Male) |
| 15:31 | Construir | Outpost |
| 15:36 | Crear | Villager (Male) |
| 15:41 | Construir | Farm |
| 16:23 | Construir | Watch Tower |
| 16:34 | Construir | Archery Range |
| 16:42 | Crear | Scout Cavalry |
| 16:43 | Crear | Scout Cavalry |
| 17:04 | Construir | Watch Tower |
| 17:12 | Crear | Archer |
| 17:25 | Crear | Villager (Male) |
| 17:25 | Crear | Villager (Male) |
| 18:04 | Crear | Villager (Male) |
| 18:04 | Crear | Villager (Male) |
| 18:20 | Construir | Watch Tower |
| 18:50 | Crear | Villager (Male) |
| 18:50 | Crear | Villager (Male) |
| 19:15 | Construir | House |
| 19:15 | Construir | House |
| 19:16 | Construir | House |
| 19:27 | Construir | Blacksmith |
| 19:33 | Construir | Market |
| 19:36 | Construir | Lumber Camp |
| 19:37 | Crear | Villager (Male) |
| 19:37 | Crear | Villager (Male) |
| 19:40 | Construir | House |
| 20:11 | Crear | Scout Cavalry |
| 20:27 | Construir | Watch Tower |
| 20:33 | Construir | Watch Tower |
| 20:35 | Crear | Villager (Male) |
| 20:57 | Construir | Mining Camp |
| 21:01 | Crear | Villager (Male) |
| 21:04 | Construir | Farm |
| 22:07 | Crear | Archer |
| 22:12 | Crear | Villager (Male) |
| 22:12 | Crear | Villager (Male) |
| 22:13 | Crear | Villager (Male) |
| 22:13 | Crear | Villager (Male) |
| 22:13 | Crear | Villager (Male) |
| 22:25 | Construir | Farm |
| 22:27 | Construir | Farm |
| 22:30 | Construir | Farm |
| 22:44 | Crear | Scout Cavalry |
| 22:44 | Crear | Scout Cavalry |
| 23:25 | Crear | Villager (Male) |
| 23:28 | Construir | Farm |
| 23:31 | Construir | Farm |
| 24:00 | Construir | Mining Camp |
| 24:16 | Crear | Villager (Male) |
| 24:17 | Crear | Villager (Male) |
| 24:18 | Crear | Villager (Male) |
| 24:23 | Construir | Farm |
| 24:26 | Crear | Villager (Male) |
| 24:51 | Construir | Watch Tower |
| 24:57 | Crear | Archer |
| 24:57 | Crear | Archer |
| 25:02 | Crear | Scout Cavalry |
| 26:13 | Construir | Watch Tower |
| 26:23 | Construir | Stable |
| 26:23 | Construir | Stable |
| 26:37 | Construir | Farm |
| 26:42 | Construir | Farm |
| 26:44 | Crear | Villager (Male) |
| 26:44 | Crear | Villager (Male) |
| 26:44 | Crear | Villager (Male) |
| 26:44 | Crear | Villager (Male) |
| 26:45 | Crear | Villager (Male) |
| 27:05 | Construir | Farm |
| 27:09 | Construir | Farm |
| 27:14 | Construir | Farm |
| 27:15 | Construir | Farm |
| 27:16 | Construir | Farm |
| 27:17 | Construir | Farm |
| 27:20 | Construir | Farm |
| 27:22 | Crear | Villager (Male) |
| 27:22 | Crear | Villager (Male) |
| 27:23 | Crear | Villager (Male) |
| 27:49 | Construir | Farm |
| 27:49 | Construir | Farm |
| 27:50 | Construir | Farm |
| 27:53 | Investigar | Bloodlines |
| 27:53 | Crear | Scout Cavalry |
| 28:01 | Construir | Farm |
| 28:03 | Construir | Farm |
| 28:15 | Crear | Villager (Male) |
| 28:31 | Crear | Scout Cavalry |
| 28:35 | Investigar | Scale Barding Armor |
| 28:36 | Investigar | Forging |
| 28:47 | Construir | Archery Range |
| 29:10 | Construir | Farm |
| 29:13 | Construir | Farm |
| 29:36 | Crear | Archer |
| 29:36 | Crear | Archer |
Build order — Remagico
Primeras 150 de 563 acciones detectadas
| 2:11 | Construir | Town Center |
| 4:11 | Investigar | Loom |
| 4:11 | Investigar | Loom |
| 4:12 | Crear | Villager (Male) |
| 4:12 | Crear | Villager (Male) |
| 4:12 | Crear | Villager (Male) |
| 4:13 | Crear | Villager (Male) |
| 5:31 | Construir | House |
| 5:41 | Construir | House |
| 6:43 | Crear | Villager (Male) |
| 6:43 | Crear | Villager (Male) |
| 7:58 | Crear | Villager (Male) |
| 7:59 | Crear | Villager (Male) |
| 7:59 | Crear | Villager (Male) |
| 9:00 | Crear | Villager (Male) |
| 9:01 | Crear | Villager (Male) |
| 9:01 | Crear | Villager (Male) |
| 9:01 | Crear | Villager (Male) |
| 9:06 | Construir | House |
| 9:49 | Construir | Lumber Camp |
| 9:51 | Crear | Villager (Male) |
| 9:51 | Crear | Villager (Male) |
| 10:47 | Crear | Villager (Male) |
| 11:06 | Crear | Villager (Male) |
| 11:39 | Construir | House |
| 11:52 | Crear | Villager (Male) |
| 11:55 | Construir | House |
| 12:52 | Crear | Villager (Male) |
| 12:53 | Crear | Villager (Male) |
| 13:42 | Construir | Mill |
| 13:44 | Crear | Villager (Male) |
| 13:46 | Crear | Villager (Male) |
| 14:14 | Crear | Villager (Male) |
| 14:53 | Construir | Mill |
| 14:55 | Crear | Villager (Male) |
| 15:14 | Crear | Villager (Male) |
| 15:31 | Construir | Farm |
| 15:33 | Crear | Villager (Male) |
| 15:44 | Construir | Farm |
| 16:00 | Crear | Villager (Male) |
| 16:17 | Crear | Villager (Male) |
| 16:22 | Construir | Farm |
| 16:24 | Construir | Farm |
| 16:45 | Construir | House |
| 17:13 | Investigar | Feudal Age |
| 18:14 | Construir | Mill |
| 18:55 | Crear | Villager (Male) |
| 19:23 | Edad | Edad Feudal |
| 19:32 | Crear | Villager (Male) |
| 19:40 | Construir | Blacksmith |
| 19:58 | Crear | Villager (Male) |
| 20:03 | Construir | Market |
| 20:05 | Crear | Villager (Male) |
| 20:38 | Construir | House |
| 20:50 | Construir | Palisade Wall |
| 20:55 | Construir | Palisade Gate |
| 21:02 | Crear | Villager (Male) |
| 21:17 | Crear | Villager (Male) |
| 21:40 | Crear | Villager (Male) |
| 22:07 | Construir | Barracks |
| 22:18 | Investigar | Castle Age |
| 22:19 | Investigar | Castle Age |
| 22:44 | Crear | Villager (Male) |
| 23:06 | Crear | Spearman |
| 23:14 | Construir | Mining Camp |
| 23:26 | Construir | Farm |
| 23:27 | Construir | Farm |
| 23:49 | Crear | Spearman |
| 23:59 | Investigar | Double-Bit Axe |
| 24:00 | Investigar | Double-Bit Axe |
| 24:51 | Crear | Villager (Male) |
| 24:58 | Edad | Edad de los Castillos |
| 25:25 | Crear | Villager (Male) |
| 25:41 | Investigar | Bow Saw |
| 25:53 | Crear | Villager (Male) |
| 26:03 | Crear | Villager (Male) |
| 26:21 | Investigar | Horse Collar |
| 26:23 | Crear | Villager (Male) |
| 26:31 | Construir | Castle |
| 26:46 | Construir | Castle |
| 26:55 | Construir | Castle |
| 27:04 | Crear | Villager (Male) |
| 27:04 | Crear | Villager (Male) |
| 27:04 | Crear | Villager (Male) |
| 27:04 | Crear | Villager (Male) |
| 27:05 | Crear | Villager (Male) |
| 27:05 | Crear | Villager (Male) |
| 27:05 | Crear | Villager (Male) |
| 28:12 | Construir | Lumber Camp |
| 30:16 | Crear | Villager (Male) |
| 30:17 | Crear | Villager (Male) |
| 31:51 | Construir | Town Center |
| 33:22 | Crear | Villager (Male) |
| 33:55 | Crear | Villager (Male) |
| 34:05 | Crear | Villager (Male) |
| 34:16 | Construir | Town Center |
| 34:26 | Crear | Villager (Male) |
| 34:26 | Crear | Villager (Male) |
| 34:53 | Construir | Farm |
| 34:59 | Construir | Farm |
| 35:01 | Construir | Farm |
| 35:03 | Construir | Farm |
| 35:05 | Crear | Villager (Male) |
| 35:20 | Construir | Town Center |
| 35:22 | Crear | Villager (Male) |
| 35:22 | Crear | Villager (Male) |
| 35:22 | Crear | Villager (Male) |
| 35:23 | Crear | Villager (Male) |
| 35:23 | Crear | Villager (Male) |
| 35:27 | Investigar | Wheelbarrow |
| 35:42 | Crear | Villager (Male) |
| 35:43 | Crear | Villager (Male) |
| 35:59 | Construir | House |
| 36:00 | Construir | House |
| 36:00 | Construir | House |
| 36:02 | Construir | House |
| 36:02 | Construir | House |
| 36:04 | Construir | House |
| 36:11 | Construir | House |
| 36:24 | Crear | Villager (Male) |
| 36:24 | Crear | Villager (Male) |
| 36:25 | Crear | Villager (Male) |
| 36:25 | Crear | Villager (Male) |
| 36:26 | Crear | Villager (Male) |
| 36:26 | Crear | Villager (Male) |
| 36:26 | Crear | Villager (Male) |
| 36:54 | Crear | Villager (Male) |
| 36:54 | Crear | Villager (Male) |
| 37:06 | Construir | Town Center |
| 37:21 | Construir | House |
| 37:23 | Construir | House |
| 37:32 | Crear | Villager (Male) |
| 37:32 | Crear | Villager (Male) |
| 38:02 | Crear | Villager (Male) |
| 38:07 | Crear | Villager (Male) |
| 38:07 | Crear | Villager (Male) |
| 38:08 | Crear | Villager (Male) |
| 38:26 | Construir | Farm |
| 38:27 | Construir | Farm |
| 38:28 | Construir | Farm |
| 38:31 | Construir | Farm |
| 38:33 | Construir | Farm |
| 38:34 | Construir | Mill |
| 38:36 | Construir | Farm |
| 38:37 | Construir | Farm |
| 38:41 | Crear | Villager (Male) |
| 38:41 | Crear | Villager (Male) |
| 38:43 | Crear | Villager (Male) |
| 39:00 | Crear | Villager (Male) |
| 39:00 | Crear | Villager (Male) |
Build order — hzerdugan
Primeras 150 de 249 acciones detectadas
| 0:15 | Construir | House |
| 0:21 | Construir | House |
| 1:27 | Construir | Town Center |
| 3:45 | Crear | Villager (Male) |
| 3:46 | Crear | Villager (Male) |
| 3:46 | Crear | Villager (Male) |
| 3:46 | Crear | Villager (Male) |
| 3:47 | Crear | Villager (Male) |
| 3:47 | Crear | Villager (Male) |
| 3:47 | Crear | Villager (Male) |
| 5:25 | Crear | Villager (Male) |
| 5:25 | Crear | Villager (Male) |
| 5:25 | Crear | Villager (Male) |
| 5:47 | Crear | Villager (Male) |
| 5:47 | Crear | Villager (Male) |
| 5:48 | Crear | Villager (Male) |
| 6:00 | Crear | Villager (Male) |
| 6:01 | Crear | Villager (Male) |
| 6:27 | Construir | Mining Camp |
| 6:31 | Crear | Villager (Male) |
| 6:32 | Crear | Villager (Male) |
| 6:52 | Crear | Villager (Male) |
| 6:53 | Crear | Villager (Male) |
| 6:53 | Crear | Villager (Male) |
| 8:07 | Crear | Villager (Male) |
| 8:07 | Crear | Villager (Male) |
| 8:08 | Crear | Villager (Male) |
| 8:31 | Crear | Villager (Male) |
| 8:31 | Crear | Villager (Male) |
| 8:31 | Crear | Villager (Male) |
| 8:47 | Crear | Villager (Male) |
| 8:48 | Crear | Villager (Male) |
| 8:48 | Crear | Villager (Male) |
| 8:48 | Crear | Villager (Male) |
| 8:48 | Crear | Villager (Male) |
| 9:07 | Crear | Villager (Male) |
| 9:07 | Crear | Villager (Male) |
| 9:07 | Crear | Villager (Male) |
| 9:08 | Crear | Villager (Male) |
| 9:24 | Construir | House |
| 10:06 | Construir | House |
| 10:39 | Construir | Mill |
| 11:28 | Construir | Farm |
| 11:29 | Construir | Farm |
| 11:39 | Crear | Villager (Male) |
| 11:39 | Crear | Villager (Male) |
| 11:40 | Crear | Villager (Male) |
| 12:02 | Construir | House |
| 12:29 | Construir | Farm |
| 12:54 | Crear | Villager (Male) |
| 12:54 | Crear | Villager (Male) |
| 12:55 | Crear | Villager (Male) |
| 13:02 | Construir | House |
| 13:03 | Construir | House |
| 13:04 | Construir | House |
| 13:06 | Construir | House |
| 13:43 | Construir | Farm |
| 13:47 | Crear | Villager (Male) |
| 13:48 | Crear | Villager (Male) |
| 13:48 | Crear | Villager (Male) |
| 13:48 | Crear | Villager (Male) |
| 14:25 | Construir | Farm |
| 14:37 | Construir | Farm |
| 15:36 | Crear | Villager (Male) |
| 15:37 | Crear | Villager (Male) |
| 15:37 | Crear | Villager (Male) |
| 15:37 | Crear | Villager (Male) |
| 16:43 | Construir | Farm |
| 17:05 | Construir | Farm |
| 18:01 | Investigar | Feudal Age |
| 18:22 | Construir | Farm |
| 18:30 | Construir | Farm |
| 20:11 | Edad | Edad Feudal |
| 20:16 | Investigar | Wheelbarrow |
| 20:19 | Investigar | Horse Collar |
| 20:24 | Investigar | Stone Mining |
| 20:26 | Investigar | Gold Mining |
| 20:47 | Crear | Villager (Male) |
| 20:48 | Crear | Villager (Male) |
| 20:48 | Crear | Villager (Male) |
| 20:48 | Crear | Villager (Male) |
| 20:48 | Crear | Villager (Male) |
| 20:48 | Crear | Villager (Male) |
| 22:14 | Construir | Market |
| 22:34 | Construir | Blacksmith |
| 22:40 | Crear | Villager (Male) |
| 22:41 | Crear | Villager (Male) |
| 22:41 | Crear | Villager (Male) |
| 22:41 | Crear | Villager (Male) |
| 22:41 | Crear | Villager (Male) |
| 22:41 | Crear | Villager (Male) |
| 23:24 | Construir | Lumber Camp |
| 23:40 | Construir | Farm |
| 23:42 | Construir | Farm |
| 23:44 | Construir | Farm |
| 23:45 | Construir | Farm |
| 24:28 | Construir | Mining Camp |
| 25:16 | Crear | Villager (Male) |
| 25:16 | Crear | Villager (Male) |
| 25:16 | Crear | Villager (Male) |
| 25:16 | Crear | Villager (Male) |
| 25:17 | Crear | Villager (Male) |
| 26:13 | Construir | Barracks |
| 26:52 | Investigar | Double-Bit Axe |
| 26:56 | Crear | Villager (Male) |
| 26:56 | Crear | Villager (Male) |
| 26:56 | Crear | Villager (Male) |
| 26:56 | Crear | Villager (Male) |
| 27:07 | Construir | Farm |
| 27:13 | Construir | Farm |
| 27:26 | Construir | Barracks |
| 27:57 | Construir | Farm |
| 28:01 | Investigar | Arson |
| 28:13 | Investigar | Castle Age |
| 28:25 | Construir | Farm |
| 28:39 | Construir | Stable |
| 28:46 | Crear | Spearman |
| 28:46 | Crear | Spearman |
| 28:46 | Crear | Spearman |
| 28:46 | Crear | Spearman |
| 28:46 | Crear | Spearman |
| 28:50 | Crear | Spearman |
| 28:50 | Crear | Spearman |
| 28:50 | Crear | Spearman |
| 28:51 | Crear | Spearman |
| 28:51 | Crear | Spearman |
| 28:51 | Crear | Spearman |
| 28:51 | Crear | Spearman |
| 29:44 | Construir | Stable |
| 31:00 | Construir | House |
| 31:02 | Construir | House |
| 31:05 | Construir | House |
| 31:17 | Edad | Edad de los Castillos |
| 31:23 | Construir | Town Center |
| 31:28 | Investigar | Hand Cart |
| 31:31 | Investigar | Town Watch |
| 32:15 | Investigar | Squires |
| 32:15 | Investigar | Pikeman (upgrade) |
| 33:02 | Construir | Castle |
| 33:04 | Crear | Villager (Male) |
| 33:04 | Crear | Villager (Male) |
| 33:05 | Crear | Villager (Male) |
| 33:05 | Crear | Villager (Male) |
| 33:05 | Crear | Villager (Male) |
| 33:06 | Crear | Villager (Male) |
| 33:07 | Crear | Villager (Male) |
| 33:07 | Crear | Villager (Male) |
| 33:07 | Crear | Villager (Male) |
| 33:07 | Crear | Villager (Male) |
| 33:07 | Crear | Villager (Male) |
Build order — Xia
Primeras 150 de 533 acciones detectadas
| 0:04 | Construir | House |
| 0:05 | Construir | House |
| 0:38 | Construir | Town Center |
| 2:44 | Crear | Villager (Male) |
| 2:44 | Crear | Villager (Male) |
| 2:45 | Crear | Villager (Male) |
| 2:50 | Investigar | Loom |
| 3:14 | Crear | Villager (Male) |
| 3:14 | Crear | Villager (Male) |
| 3:15 | Crear | Villager (Male) |
| 3:15 | Crear | Villager (Male) |
| 3:15 | Crear | Villager (Male) |
| 4:37 | Crear | Villager (Male) |
| 4:37 | Crear | Villager (Male) |
| 4:38 | Crear | Villager (Male) |
| 5:14 | Crear | Villager (Male) |
| 5:14 | Crear | Villager (Male) |
| 5:14 | Crear | Villager (Male) |
| 5:33 | Construir | House |
| 5:33 | Construir | House |
| 5:47 | Crear | Villager (Male) |
| 6:07 | Crear | Villager (Male) |
| 6:07 | Crear | Villager (Male) |
| 6:08 | Crear | Villager (Male) |
| 6:36 | Crear | Villager (Male) |
| 6:37 | Crear | Villager (Male) |
| 6:37 | Crear | Villager (Male) |
| 6:48 | Crear | Villager (Male) |
| 6:48 | Crear | Villager (Male) |
| 6:49 | Crear | Villager (Male) |
| 6:49 | Crear | Villager (Male) |
| 7:16 | Crear | Villager (Male) |
| 7:16 | Crear | Villager (Male) |
| 7:16 | Crear | Villager (Male) |
| 7:21 | Crear | Villager (Male) |
| 7:21 | Crear | Villager (Male) |
| 7:22 | Crear | Villager (Male) |
| 7:22 | Crear | Villager (Male) |
| 8:04 | Crear | Villager (Male) |
| 8:05 | Crear | Villager (Male) |
| 8:05 | Crear | Villager (Male) |
| 8:05 | Crear | Villager (Male) |
| 8:14 | Construir | Mill |
| 9:20 | Crear | Villager (Male) |
| 9:20 | Crear | Villager (Male) |
| 9:21 | Crear | Villager (Male) |
| 9:21 | Crear | Villager (Male) |
| 9:21 | Crear | Villager (Male) |
| 9:22 | Crear | Villager (Male) |
| 9:53 | Crear | Villager (Male) |
| 9:53 | Crear | Villager (Male) |
| 9:53 | Crear | Villager (Male) |
| 10:00 | Construir | Mill |
| 10:41 | Construir | Mining Camp |
| 12:25 | Investigar | Feudal Age |
| 12:25 | Investigar | Feudal Age |
| 12:26 | Investigar | Feudal Age |
| 13:01 | Crear | Villager (Male) |
| 13:01 | Crear | Villager (Male) |
| 13:08 | Construir | House |
| 14:38 | Edad | Edad Feudal |
| 14:40 | Construir | Blacksmith |
| 14:42 | Construir | Market |
| 15:44 | Construir | Lumber Camp |
| 15:47 | Investigar | Castle Age |
| 15:55 | Investigar | Horse Collar |
| 16:17 | Construir | Farm |
| 16:18 | Construir | Farm |
| 16:18 | Construir | Farm |
| 16:18 | Construir | Farm |
| 16:18 | Construir | Farm |
| 16:19 | Construir | Farm |
| 16:19 | Construir | Farm |
| 16:19 | Construir | Farm |
| 16:42 | Construir | Farm |
| 16:47 | Construir | Farm |
| 17:04 | Construir | Farm |
| 17:13 | Investigar | Double-Bit Axe |
| 17:13 | Investigar | Double-Bit Axe |
| 17:16 | Crear | Villager (Male) |
| 17:17 | Crear | Villager (Male) |
| 17:31 | Construir | Farm |
| 18:27 | Edad | Edad de los Castillos |
| 18:29 | Construir | Town Center |
| 18:32 | Construir | Town Center |
| 19:02 | Crear | Villager (Male) |
| 19:11 | Investigar | Bow Saw |
| 19:20 | Construir | House |
| 19:21 | Construir | House |
| 19:37 | Crear | Villager (Male) |
| 19:39 | Construir | Farm |
| 19:43 | Construir | Farm |
| 19:51 | Crear | Villager (Male) |
| 19:51 | Crear | Villager (Male) |
| 19:51 | Crear | Villager (Male) |
| 20:06 | Crear | Villager (Male) |
| 20:06 | Crear | Villager (Male) |
| 20:11 | Construir | Farm |
| 20:11 | Construir | Farm |
| 20:12 | Construir | Farm |
| 20:25 | Crear | Villager (Male) |
| 20:25 | Crear | Villager (Male) |
| 20:26 | Crear | Villager (Male) |
| 20:35 | Construir | House |
| 20:43 | Crear | Villager (Male) |
| 20:43 | Crear | Villager (Male) |
| 20:43 | Crear | Villager (Male) |
| 20:47 | Construir | House |
| 21:04 | Crear | Villager (Male) |
| 21:05 | Crear | Villager (Male) |
| 21:11 | Construir | Town Center |
| 21:15 | Crear | Villager (Male) |
| 21:15 | Crear | Villager (Male) |
| 21:15 | Crear | Villager (Male) |
| 21:27 | Crear | Villager (Male) |
| 21:27 | Crear | Villager (Male) |
| 21:42 | Construir | Farm |
| 21:43 | Construir | Farm |
| 21:45 | Crear | Villager (Male) |
| 21:45 | Crear | Villager (Male) |
| 21:46 | Crear | Villager (Male) |
| 21:57 | Crear | Villager (Male) |
| 21:57 | Crear | Villager (Male) |
| 21:58 | Crear | Villager (Male) |
| 22:17 | Crear | Villager (Male) |
| 22:17 | Crear | Villager (Male) |
| 22:17 | Crear | Villager (Male) |
| 22:31 | Construir | Town Center |
| 22:33 | Crear | Villager (Male) |
| 22:34 | Crear | Villager (Male) ×2 |
| 22:34 | Crear | Villager (Male) ×2 |
| 22:34 | Crear | Villager (Male) |
| 22:48 | Construir | Farm |
| 22:48 | Construir | Farm |
| 22:48 | Construir | Farm |
| 22:51 | Crear | Villager (Male) |
| 22:51 | Crear | Villager (Male) |
| 22:51 | Crear | Villager (Male) |
| 22:54 | Construir | House |
| 22:56 | Construir | House |
| 22:57 | Construir | House |
| 23:01 | Crear | Villager (Male) |
| 23:02 | Crear | Villager (Male) |
| 23:02 | Crear | Villager (Male) |
| 23:14 | Construir | Monastery |
| 23:17 | Crear | Villager (Male) ×2 |
| 23:17 | Crear | Villager (Male) ×2 |
| 23:30 | Crear | Villager (Male) |
| 23:31 | Crear | Villager (Male) |
| 23:31 | Crear | Villager (Male) |
Build order — Jogo Bonito
99 acciones detectadas en el replay
| 1:17 | Construir | Town Center |
| 3:01 | Construir | House |
| 3:32 | Crear | Villager (Male) |
| 3:32 | Crear | Villager (Male) |
| 3:32 | Crear | Villager (Male) |
| 3:43 | Crear | Villager (Male) |
| 3:44 | Crear | Villager (Male) |
| 3:58 | Construir | House |
| 4:52 | Crear | Villager (Male) |
| 4:53 | Crear | Villager (Male) |
| 5:37 | Crear | Villager (Male) |
| 6:14 | Crear | Villager (Male) |
| 6:24 | Construir | House |
| 6:38 | Crear | Villager (Male) |
| 6:39 | Crear | Villager (Male) |
| 7:02 | Investigar | Loom |
| 7:10 | Crear | Villager (Male) |
| 7:40 | Crear | Villager (Male) |
| 7:49 | Crear | Villager (Male) |
| 8:35 | Crear | Villager (Male) |
| 8:50 | Crear | Villager (Male) |
| 9:17 | Construir | Barracks |
| 9:34 | Crear | Villager (Male) |
| 10:09 | Construir | Mill |
| 10:27 | Crear | Villager (Male) |
| 10:46 | Crear | Villager (Male) |
| 11:13 | Crear | Militia |
| 11:47 | Construir | Farm |
| 11:52 | Construir | Farm |
| 12:51 | Investigar | Feudal Age |
| 12:51 | Investigar | Feudal Age |
| 13:02 | Construir | Mining Camp |
| 13:12 | Construir | House |
| 13:14 | Construir | House |
| 13:16 | Construir | House |
| 14:14 | Construir | House |
| 14:24 | Construir | Palisade Wall |
| 14:34 | Construir | Palisade Gate |
| 15:01 | Edad | Edad Feudal |
| 15:02 | Crear | Villager (Male) |
| 15:02 | Crear | Villager (Male) |
| 15:23 | Crear | Villager (Male) |
| 15:34 | Crear | Spearman |
| 15:34 | Crear | Spearman |
| 15:34 | Crear | Spearman |
| 16:23 | Construir | House |
| 16:25 | Construir | House |
| 16:38 | Investigar | Horse Collar |
| 16:42 | Investigar | Gold Mining |
| 16:43 | Investigar | Gold Mining |
| 16:46 | Crear | Villager (Male) |
| 16:46 | Crear | Villager (Male) |
| 17:19 | Construir | House |
| 18:00 | Construir | Watch Tower |
| 18:41 | Crear | Militia |
| 18:41 | Crear | Militia |
| 18:41 | Crear | Militia |
| 20:36 | Construir | Lumber Camp |
| 20:38 | Crear | Villager (Male) |
| 20:57 | Crear | Militia |
| 20:58 | Crear | Militia |
| 22:00 | Crear | Villager (Male) |
| 22:28 | Construir | Archery Range |
| 23:15 | Crear | Skirmisher |
| 23:15 | Crear | Skirmisher |
| 23:35 | Crear | Villager (Male) |
| 23:36 | Crear | Villager (Male) |
| 25:26 | Construir | House |
| 25:40 | Crear | Villager (Male) |
| 25:41 | Crear | Villager (Male) |
| 26:08 | Crear | Skirmisher |
| 26:08 | Crear | Skirmisher |
| 27:04 | Construir | Farm |
| 27:36 | Construir | Market |
| 28:00 | Construir | Farm |
| 28:00 | Construir | Farm |
| 28:01 | Construir | Farm |
| 28:38 | Construir | House |
| 29:00 | Construir | Blacksmith |
| 29:13 | Crear | Spearman |
| 29:13 | Crear | Spearman |
| 29:37 | Construir | House |
| 30:09 | Construir | Palisade Wall |
| 32:00 | Investigar | Castle Age |
| 32:00 | Investigar | Castle Age |
| 33:02 | Crear | Spearman |
| 33:02 | Crear | Spearman |
| 33:36 | Construir | Farm |
| 33:44 | Crear | Spearman |
| 34:21 | Crear | Spearman |
| 34:40 | Edad | Edad de los Castillos |
| 35:33 | Construir | Archery Range |
| 36:16 | Crear | Skirmisher |
| 36:29 | Construir | House |
| 36:55 | Crear | Skirmisher |
| 37:10 | Crear | Spearman |
| 37:10 | Crear | Spearman |
| 38:24 | Construir | Farm |
| 38:54 | Crear | Villager (Male) |
Build order — Peperra Jr
Primeras 150 de 603 acciones detectadas
| 0:07 | Construir | House |
| 0:37 | Construir | Town Center |
| 1:09 | Construir | House |
| 1:48 | Construir | House |
| 2:01 | Construir | House |
| 2:13 | Construir | House |
| 2:14 | Construir | House |
| 2:21 | Construir | House |
| 2:45 | Construir | House |
| 3:10 | Investigar | Loom |
| 3:11 | Crear | Villager (Male) ×4 |
| 3:15 | Construir | House |
| 4:12 | Construir | House |
| 4:30 | Construir | House |
| 4:47 | Crear | Villager (Male) |
| 5:22 | Crear | Villager (Male) |
| 5:24 | Construir | House |
| 5:43 | Construir | House |
| 6:07 | Crear | Villager (Male) |
| 6:07 | Crear | Villager (Male) |
| 6:50 | Crear | Villager (Male) |
| 6:52 | Crear | Villager (Male) |
| 7:34 | Construir | Lumber Camp |
| 7:39 | Crear | Villager (Male) ×3 |
| 8:26 | Crear | Villager (Male) |
| 8:26 | Crear | Villager (Male) |
| 9:44 | Crear | Villager (Male) |
| 9:47 | Construir | House |
| 10:05 | Construir | House |
| 10:15 | Construir | Mill |
| 10:22 | Crear | Villager (Male) |
| 10:52 | Crear | Villager (Male) |
| 11:05 | Construir | House |
| 11:13 | Construir | House |
| 11:18 | Crear | Villager (Male) |
| 11:31 | Crear | Villager (Male) |
| 11:56 | Construir | House |
| 11:56 | Construir | House |
| 12:10 | Crear | Villager (Male) |
| 12:18 | Investigar | Feudal Age |
| 12:41 | Crear | Villager (Male) |
| 13:24 | Construir | House |
| 13:34 | Crear | Villager (Male) |
| 14:45 | Edad | Edad Feudal |
| 14:56 | Construir | Market |
| 15:00 | Construir | Blacksmith |
| 15:01 | Construir | House |
| 15:08 | Investigar | Horse Collar |
| 15:25 | Investigar | Double-Bit Axe |
| 15:27 | Crear | Villager (Male) |
| 15:33 | Construir | Farm |
| 15:34 | Construir | Farm |
| 15:34 | Construir | Farm |
| 15:34 | Construir | Farm |
| 15:35 | Construir | Farm |
| 15:46 | Crear | Villager (Male) |
| 16:25 | Construir | House |
| 16:27 | Construir | Palisade Wall |
| 16:29 | Crear | Villager (Male) |
| 16:30 | Investigar | Wheelbarrow |
| 16:34 | Investigar | Castle Age |
| 16:40 | Construir | House |
| 16:40 | Construir | House |
| 16:42 | Construir | Palisade Wall |
| 16:42 | Construir | Palisade Wall |
| 18:58 | Investigar | Wheelbarrow |
| 19:20 | Construir | Mining Camp |
| 19:23 | Construir | Farm |
| 19:34 | Edad | Edad de los Castillos |
| 19:35 | Investigar | Heavy Plow |
| 19:36 | Investigar | Bow Saw |
| 19:44 | Construir | Town Center |
| 19:48 | Construir | Town Center |
| 19:57 | Construir | Farm |
| 19:57 | Construir | Farm |
| 19:57 | Construir | Farm |
| 20:29 | Crear | Villager (Male) |
| 20:36 | Construir | Monastery |
| 21:06 | Crear | Villager (Male) |
| 21:08 | Crear | Villager (Male) |
| 21:17 | Crear | Villager (Male) |
| 21:17 | Crear | Villager (Male) |
| 21:21 | Crear | Monk |
| 21:29 | Crear | Villager (Male) |
| 21:30 | Crear | Villager (Male) |
| 21:40 | Crear | Villager (Male) |
| 21:40 | Crear | Villager (Male) |
| 21:41 | Crear | Villager (Male) |
| 22:07 | Construir | Town Center |
| 22:11 | Crear | Villager (Male) |
| 22:14 | Crear | Villager (Male) |
| 22:36 | Crear | Villager (Male) |
| 22:36 | Crear | Villager (Male) |
| 22:41 | Construir | Farm |
| 22:53 | Crear | Villager (Male) |
| 22:56 | Construir | Farm |
| 22:56 | Construir | Farm |
| 22:56 | Construir | Farm |
| 23:07 | Crear | Villager (Male) |
| 23:07 | Crear | Villager (Male) |
| 23:13 | Construir | Farm |
| 23:13 | Construir | Farm |
| 23:13 | Construir | Farm |
| 23:13 | Construir | Farm |
| 23:14 | Construir | Farm |
| 23:17 | Crear | Villager (Male) |
| 23:18 | Crear | Villager (Male) |
| 23:32 | Construir | Lumber Camp |
| 23:33 | Crear | Villager (Male) |
| 23:38 | Construir | House |
| 23:40 | Construir | House |
| 23:40 | Construir | House |
| 23:41 | Construir | House |
| 23:42 | Construir | House |
| 23:43 | Construir | House |
| 23:47 | Crear | Villager (Male) |
| 24:00 | Crear | Villager (Male) |
| 24:01 | Crear | Villager (Male) ×3 |
| 24:17 | Crear | Villager (Male) ×2 |
| 24:38 | Crear | Villager (Male) |
| 24:39 | Crear | Villager (Male) |
| 24:43 | Construir | Town Center |
| 24:47 | Crear | Villager (Male) |
| 24:47 | Crear | Villager (Male) |
| 25:03 | Crear | Villager (Male) |
| 25:03 | Crear | Villager (Male) |
| 25:21 | Crear | Villager (Male) ×5 |
| 25:31 | Construir | Lumber Camp |
| 25:39 | Construir | House |
| 25:40 | Construir | House |
| 25:41 | Crear | Villager (Male) |
| 25:41 | Crear | Villager (Male) |
| 25:47 | Construir | Mill |
| 25:48 | Construir | Farm |
| 25:49 | Construir | Farm |
| 25:49 | Construir | Farm |
| 25:50 | Construir | Farm |
| 25:50 | Construir | Farm |
| 25:50 | Construir | Farm |
| 25:51 | Construir | Farm |
| 25:51 | Construir | Farm |
| 25:52 | Construir | Farm |
| 25:54 | Crear | Villager (Male) |
| 25:56 | Crear | Villager (Male) |
| 26:08 | Crear | Villager (Male) ×5 |
| 26:10 | Crear | Villager (Male) ×2 |
| 26:33 | Crear | Villager (Male) |
| 26:33 | Crear | Villager (Male) |
| 26:35 | Crear | Villager (Male) |
| 26:40 | Construir | Mill |
Build order — fiat
Primeras 150 de 189 acciones detectadas
| 0:13 | Construir | House |
| 0:28 | Construir | Town Center |
| 2:54 | Crear | Villager (Male) ×5 |
| 4:07 | Construir | House |
| 5:04 | Crear | Villager (Male) |
| 5:05 | Crear | Villager (Male) |
| 5:05 | Crear | Villager (Male) |
| 5:17 | Investigar | Loom |
| 5:35 | Crear | Villager (Male) |
| 6:18 | Crear | Villager (Male) |
| 6:50 | Crear | Villager (Male) |
| 6:50 | Crear | Villager (Male) |
| 7:34 | Construir | Mill |
| 7:52 | Crear | Villager (Male) |
| 7:52 | Crear | Villager (Male) |
| 8:08 | Construir | House |
| 8:33 | Crear | Villager (Male) |
| 9:24 | Construir | Farm |
| 9:26 | Construir | Farm |
| 9:32 | Construir | House |
| 9:36 | Crear | Villager (Male) |
| 9:51 | Crear | Villager (Male) |
| 10:52 | Construir | Mining Camp |
| 10:56 | Crear | Villager (Male) |
| 11:22 | Investigar | Feudal Age |
| 12:29 | Construir | Barracks |
| 12:37 | Construir | Farm |
| 12:51 | Construir | Farm |
| 13:05 | Crear | Villager (Male) |
| 13:05 | Crear | Villager (Male) |
| 13:26 | Edad | Edad Feudal |
| 13:33 | Construir | Stable |
| 13:45 | Construir | Farm |
| 13:53 | Construir | Farm |
| 14:09 | Construir | Farm |
| 14:12 | Crear | Villager (Male) |
| 14:13 | Crear | Villager (Male) |
| 14:17 | Crear | Scout Cavalry |
| 14:32 | Crear | Scout Cavalry |
| 14:42 | Construir | House |
| 14:45 | Construir | House |
| 14:47 | Construir | House |
| 15:29 | Crear | Villager (Male) |
| 15:29 | Crear | Villager (Male) |
| 15:35 | Construir | Farm |
| 15:37 | Construir | Farm |
| 15:38 | Construir | Farm |
| 15:39 | Construir | Farm |
| 16:09 | Crear | Villager (Male) |
| 16:13 | Crear | Scout Cavalry |
| 16:23 | Construir | Farm |
| 16:27 | Construir | Farm |
| 16:29 | Construir | Farm |
| 16:51 | Crear | Villager (Male) |
| 17:23 | Crear | Villager (Male) |
| 17:23 | Crear | Villager (Male) |
| 17:34 | Construir | Farm |
| 17:35 | Construir | Farm |
| 17:36 | Construir | Farm |
| 17:46 | Crear | Scout Cavalry |
| 18:24 | Crear | Villager (Male) |
| 18:59 | Crear | Villager (Male) |
| 18:59 | Crear | Villager (Male) |
| 19:50 | Crear | Villager (Male) |
| 19:50 | Crear | Villager (Male) |
| 20:33 | Construir | Market |
| 20:48 | Crear | Villager (Male) |
| 21:01 | Construir | Blacksmith |
| 21:06 | Construir | House |
| 21:25 | Investigar | Castle Age |
| 21:37 | Construir | Mining Camp |
| 22:00 | Construir | Lumber Camp |
| 23:50 | Edad | Edad de los Castillos |
| 24:11 | Construir | Town Center |
| 24:14 | Crear | Villager (Male) |
| 24:15 | Crear | Villager (Male) |
| 24:15 | Crear | Villager (Male) |
| 24:35 | Crear | Camel Scout |
| 24:35 | Crear | Camel Scout |
| 24:36 | Crear | Camel Scout |
| 25:31 | Crear | Villager (Male) |
| 25:31 | Crear | Villager (Male) |
| 25:50 | Crear | Villager (Male) |
| 25:50 | Crear | Villager (Male) |
| 25:50 | Crear | Villager (Male) |
| 26:44 | Construir | Castle |
| 26:51 | Crear | Villager (Male) ×5 |
| 27:00 | Construir | House |
| 27:02 | Construir | House |
| 27:03 | Construir | House |
| 27:04 | Construir | House |
| 27:06 | Construir | House |
| 27:21 | Construir | Castle |
| 28:26 | Crear | War Elephant |
| 28:41 | Crear | Villager (Male) ×5 |
| 28:42 | Crear | Villager (Male) ×5 |
| 29:08 | Crear | War Elephant |
| 29:16 | Crear | Villager (Male) ×5 |
| 29:28 | Construir | Town Center |
| 30:59 | Crear | Villager (Male) ×5 |
| 31:07 | Construir | Farm |
| 31:08 | Construir | Farm |
| 31:09 | Construir | Farm |
| 31:09 | Construir | Farm |
| 31:10 | Construir | Farm |
| 31:10 | Construir | Farm |
| 32:34 | Construir | Farm |
| 32:40 | Crear | Camel Scout |
| 32:40 | Crear | Camel Scout |
| 33:13 | Construir | Castle |
| 33:38 | Construir | University |
| 33:41 | Crear | Camel Scout |
| 33:41 | Crear | Camel Scout |
| 34:02 | Crear | War Elephant |
| 35:03 | Crear | Villager (Male) |
| 35:04 | Crear | Villager (Male) |
| 35:04 | Crear | Villager (Male) |
| 36:12 | Construir | Monastery |
| 36:44 | Crear | Villager (Male) ×3 |
| 37:07 | Construir | Mining Camp |
| 37:42 | Crear | Villager (Male) ×3 |
| 38:23 | Crear | Villager (Male) |
| 38:23 | Crear | Villager (Male) |
| 38:32 | Construir | Farm |
| 38:32 | Construir | Farm |
| 38:32 | Construir | Farm |
| 38:33 | Construir | Farm |
| 38:33 | Construir | Farm |
| 38:33 | Construir | Farm |
| 38:35 | Construir | Farm |
| 38:35 | Construir | Farm |
| 38:35 | Construir | Farm |
| 38:36 | Construir | Farm |
| 40:33 | Construir | Farm |
| 42:27 | Construir | Town Center |
| 42:53 | Crear | Villager (Male) |
| 42:53 | Crear | Villager (Male) |
| 43:19 | Crear | Villager (Male) ×5 |
| 43:42 | Crear | Villager (Male) |
| 43:42 | Crear | Villager (Male) |
| 44:45 | Crear | Villager (Male) ×5 |
| 44:59 | Construir | Monastery |
| 45:20 | Construir | Farm |
| 45:23 | Construir | Farm |
| 45:27 | Construir | Farm |
| 45:45 | Crear | Villager (Male) |
| 45:45 | Crear | Villager (Male) |
| 46:13 | Construir | Market |
| 46:44 | Crear | Monk |
| 46:45 | Crear | Monk |
Build order — OLD DIRTY PUMA GDL
Primeras 150 de 637 acciones detectadas
| 0:12 | Construir | House |
| 0:42 | Construir | Town Center |
| 2:03 | Construir | House |
| 2:38 | Crear | Villager (Male) |
| 2:38 | Crear | Villager (Male) |
| 2:38 | Crear | Villager (Male) |
| 2:39 | Crear | Villager (Male) |
| 2:39 | Crear | Villager (Male) |
| 2:39 | Crear | Villager (Male) |
| 4:12 | Investigar | Loom |
| 5:07 | Crear | Villager (Male) |
| 5:07 | Crear | Villager (Male) |
| 5:07 | Crear | Villager (Male) |
| 6:48 | Crear | Villager (Male) |
| 6:48 | Crear | Villager (Male) |
| 6:48 | Crear | Villager (Male) |
| 6:48 | Crear | Villager (Male) |
| 7:46 | Crear | Villager (Male) |
| 7:46 | Crear | Villager (Male) |
| 7:46 | Crear | Villager (Male) |
| 8:08 | Construir | House |
| 8:09 | Construir | House |
| 8:53 | Crear | Villager (Male) |
| 8:53 | Crear | Villager (Male) |
| 8:53 | Crear | Villager (Male) |
| 8:54 | Crear | Villager (Male) |
| 8:54 | Crear | Villager (Male) |
| 10:02 | Construir | Mill |
| 10:59 | Crear | Villager (Male) |
| 11:04 | Construir | Barracks |
| 11:15 | Construir | Lumber Camp |
| 11:41 | Crear | Villager (Male) |
| 11:54 | Construir | Mill |
| 12:06 | Investigar | Feudal Age |
| 12:41 | Construir | House |
| 12:43 | Construir | House |
| 13:12 | Crear | Villager (Male) |
| 14:00 | Crear | Militia |
| 14:16 | Edad | Edad Feudal |
| 14:24 | Crear | Villager (Male) |
| 14:27 | Crear | Villager (Male) |
| 15:04 | Investigar | Double-Bit Axe |
| 15:08 | Crear | Villager (Male) |
| 16:00 | Crear | Villager (Male) |
| 16:00 | Crear | Villager (Male) |
| 16:39 | Construir | Mining Camp |
| 16:40 | Crear | Villager (Male) |
| 16:41 | Crear | Villager (Male) |
| 16:46 | Construir | Mining Camp |
| 16:55 | Construir | Stable |
| 17:00 | Construir | Blacksmith |
| 17:23 | Crear | Villager (Male) |
| 17:36 | Construir | Mill |
| 18:02 | Construir | Market |
| 18:11 | Crear | Villager (Male) |
| 18:48 | Construir | House |
| 18:50 | Construir | House |
| 19:11 | Investigar | Castle Age |
| 19:16 | Crear | Scout Cavalry |
| 20:45 | Investigar | Gold Mining |
| 20:56 | Crear | Villager (Male) |
| 20:57 | Crear | Villager (Male) |
| 21:51 | Edad | Edad de los Castillos |
| 21:55 | Crear | Villager (Male) |
| 22:06 | Investigar | Horse Collar |
| 22:16 | Construir | Farm |
| 22:17 | Construir | Farm |
| 22:19 | Construir | Farm |
| 22:21 | Construir | Farm |
| 22:22 | Construir | Farm |
| 22:27 | Construir | Farm |
| 22:29 | Construir | Farm |
| 22:31 | Construir | Farm |
| 22:39 | Construir | Town Center |
| 22:46 | Crear | Villager (Male) |
| 22:46 | Crear | Villager (Male) |
| 22:53 | Construir | Town Center |
| 23:03 | Investigar | Bloodlines |
| 23:05 | Investigar | Husbandry |
| 23:07 | Crear | Villager (Male) |
| 23:08 | Crear | Villager (Male) |
| 23:45 | Construir | House |
| 23:45 | Construir | House |
| 24:00 | Crear | Villager (Male) |
| 24:07 | Construir | Monastery |
| 24:29 | Crear | Villager (Male) |
| 24:30 | Crear | Villager (Male) |
| 24:51 | Crear | Villager (Male) |
| 24:51 | Crear | Villager (Male) |
| 25:05 | Crear | Monk |
| 25:10 | Construir | Stable |
| 25:17 | Investigar | Wheelbarrow |
| 25:19 | Investigar | Town Watch |
| 25:20 | Crear | Villager (Male) |
| 25:20 | Crear | Villager (Male) |
| 25:27 | Construir | Town Center |
| 25:49 | Crear | Villager (Male) |
| 25:50 | Crear | Villager (Male) |
| 25:50 | Crear | Villager (Male) |
| 25:57 | Construir | Farm |
| 26:13 | Crear | Villager (Male) |
| 26:14 | Crear | Villager (Male) |
| 26:14 | Crear | Villager (Male) |
| 26:19 | Construir | Farm |
| 26:23 | Construir | Farm |
| 26:31 | Construir | Farm |
| 26:40 | Construir | Farm |
| 26:52 | Construir | University |
| 26:57 | Construir | Farm |
| 26:58 | Crear | Villager (Male) |
| 26:59 | Crear | Villager (Male) |
| 26:59 | Crear | Villager (Male) |
| 26:59 | Crear | Villager (Male) |
| 26:59 | Crear | Villager (Male) |
| 27:27 | Crear | Villager (Male) |
| 27:27 | Crear | Villager (Male) |
| 27:27 | Crear | Villager (Male) |
| 27:27 | Crear | Villager (Male) |
| 27:27 | Crear | Villager (Male) |
| 27:35 | Construir | Farm |
| 27:46 | Crear | Villager (Male) |
| 27:47 | Crear | Villager (Male) |
| 28:27 | Construir | Castle |
| 28:31 | Crear | Villager (Male) |
| 28:31 | Crear | Villager (Male) |
| 28:31 | Crear | Villager (Male) |
| 28:32 | Crear | Villager (Male) |
| 28:32 | Crear | Villager (Male) |
| 28:32 | Crear | Villager (Male) |
| 28:33 | Crear | Villager (Male) |
| 28:33 | Crear | Villager (Male) |
| 28:33 | Crear | Villager (Male) |
| 28:36 | Construir | Farm |
| 28:39 | Construir | Farm |
| 28:44 | Construir | Farm |
| 28:47 | Construir | Farm |
| 28:53 | Crear | Villager (Male) |
| 28:53 | Crear | Villager (Male) |
| 28:54 | Crear | Villager (Male) |
| 28:54 | Crear | Villager (Male) |
| 28:58 | Construir | House |
| 28:58 | Construir | House |
| 29:08 | Construir | Lumber Camp |
| 29:44 | Construir | Farm |
| 29:47 | Construir | Farm |
| 29:49 | Crear | Villager (Male) |
| 29:49 | Crear | Villager (Male) |
| 29:49 | Crear | Villager (Male) |
| 29:49 | Crear | Villager (Male) |
| 30:05 | Construir | Farm |
Cronología de la partida
| 9:17 | Jogo Bonito · first_building Barracks |
| 11:04 | OLD DIRTY PUMA GDL · first_building Barracks |
| 12:29 | fiat · first_building Barracks |
| 13:26 | fiat · age_up feudal |
| 13:33 | fiat · first_building Stable |
| 14:13 | [•Ø•T•] Bully G · first_building Barracks |
| 14:16 | OLD DIRTY PUMA GDL · age_up feudal |
| 14:24 | Jogo Bonito · wall_segment Palisade Wall x8 |
| 14:38 | Xia · age_up feudal |
| 14:45 | Peperra Jr · age_up feudal |
| 14:56 | [•Ø•T•] Bully G · age_up feudal |
| 15:01 | Jogo Bonito · age_up feudal |
| 15:14 | [•Ø•T•] Bully G · first_building Stable |
| 16:27 | Peperra Jr · wall_segment Palisade Wall x1 |
| 16:33 | Peperra Jr · first_market_sell 100 wood |
| 16:34 | [•Ø•T•] Bully G · first_building Archery Range |
| 16:42 | Peperra Jr · wall_segment Palisade Wall x1 |
| 16:42 | Peperra Jr · wall_segment Palisade Wall x1 |
| 16:55 | OLD DIRTY PUMA GDL · first_building Stable |
| 18:27 | Xia · age_up castle |
| 19:23 | Remagico · age_up feudal |
| 19:34 | Peperra Jr · age_up castle |
| 20:11 | hzerdugan · age_up feudal |
| 20:36 | Peperra Jr · first_building Monastery |
| 20:50 | Remagico · wall_segment Palisade Wall x5 |
| 21:51 | OLD DIRTY PUMA GDL · age_up castle |
| 22:07 | Remagico · first_building Barracks |
| 22:28 | Jogo Bonito · first_building Archery Range |
| 23:14 | Xia · first_building Monastery |
| 23:50 | fiat · age_up castle |
| 24:02 | fiat · first_market_buy 100 wood |
| 24:07 | OLD DIRTY PUMA GDL · first_building Monastery |
| 24:47 | [•Ø•T•] Bully G · first_market_buy 100 stone |
| 24:58 | Remagico · age_up castle |
| 26:06 | [•Ø•T•] Bully G · first_market_sell 100 food |
| 26:13 | hzerdugan · first_building Barracks |
| 26:22 | Xia · first_building Barracks |
| 26:31 | Remagico · first_building Castle |
| 26:44 | fiat · first_building Castle |
| 27:16 | Xia · first_building Stable |
| 28:13 | Jogo Bonito · first_market_buy 100 food |
| 28:21 | fiat · first_market_sell 100 food |
| 28:21 | Jogo Bonito · first_market_sell 100 wood |
| 28:27 | OLD DIRTY PUMA GDL · first_building Castle |
| 28:39 | hzerdugan · first_building Stable |
| 30:09 | Jogo Bonito · wall_segment Palisade Wall x1 |
| 31:16 | Peperra Jr · first_building Castle |
| 31:17 | hzerdugan · age_up castle |
| 32:16 | Peperra Jr · first_building Barracks |
| 32:30 | Xia · first_market_sell 100 wood |
| 32:55 | [•Ø•T•] Bully G · age_up castle |
| 33:02 | hzerdugan · first_building Castle |
| 33:32 | Peperra Jr · first_building Stable |
| 33:37 | Peperra Jr · first_building Siege Workshop |
| 34:28 | Peperra Jr · age_up imperial |
| 34:40 | Jogo Bonito · age_up castle |
| 35:35 | OLD DIRTY PUMA GDL · age_up imperial |
| 35:54 | Xia · first_market_buy 100 stone |
| 36:01 | Xia · first_building Castle |
| 36:12 | fiat · first_building Monastery |
| 37:16 | OLD DIRTY PUMA GDL · wall_segment Palisade Wall x1 |
| 37:19 | OLD DIRTY PUMA GDL · wall_segment Palisade Wall x1 |
| 37:34 | Xia · age_up imperial |
| 39:30 | [•Ø•T•] Bully G · first_building Castle |
| 39:42 | Jogo Bonito · resign |
| 41:12 | Remagico · wall_segment Stone Wall x5 |
| 45:41 | Peperra Jr · first_building Archery Range |
| 49:55 | Remagico · wall_segment Stone Wall x25 |
| 52:23 | OLD DIRTY PUMA GDL · first_building Siege Workshop |
| 52:41 | Remagico · wall_segment Stone Wall x5 |
| 52:42 | Peperra Jr · wall_segment Palisade Wall x1 |
| 52:44 | Peperra Jr · wall_segment Palisade Wall x1 |
| 52:45 | Peperra Jr · wall_segment Palisade Wall x1 |
| 56:32 | Remagico · age_up imperial |
| 56:35 | Remagico · first_building Siege Workshop |
| 58:02 | OLD DIRTY PUMA GDL · wall_segment Palisade Wall x1 |
| 59:57 | Remagico · first_building Stable |
| 60:24 | Remagico · first_market_buy 500 stone |
[ ANÁLISIS IA · 1 CRÉDITO ]
¿Qué pasó realmente en esta partida?
Wolo.gg analiza cada decisión: build order, eco, micro, errores típicos por bracket. Análisis personalizado por WhatsApp o Discord en 30 segundos.
Guía civ
Jemeres
Perfil
Jugador #4020407